 Dungeon Crawl Stone Soup version 0.29-a0-919-gd064cfad1c (webtiles) character file.

Game seed: 4924714347158881079

2283 Sobieck the Skirmisher (level 9, -3/72 HPs)
             Began as a Barachi Hunter on July 26, 2022.
             Was a Believer of Qazlal.
             Slain by an orc warrior
             ... wielding a +0 battleaxe
              (10 damage)
             ... in a bailey.
             The game lasted 00:11:57 (6862 turns).

Sobieck the Skirmisher (Barachi Hunter)             Turns: 6862, Time: 00:11:58

Health: -3/72      AC: 16    Str: 11    XL:     9   Next: 39%
Magic:  18/18      EV: 15    Int:  9    God:    Qazlal [**....]
Gold:   157        SH:  2    Dex: 19    Spells: 8/8 levels left

rFire   . . .      SeeInvis +   a - +1 shortbow {bow}
rCold   + . .      Faith    .   (shield currently unavailable)
rNeg    + + .      Spirit   .   p - +5 ring mail "Pawuuzxien" {rPois rC+ rN++ Str-3}
rPois   +          Reflect  .   t - +2 helmet {SInv}
rElec   .          Harm     .   i - +0 cloak
rCorr   .          Rampage  .   (no gloves)
Will    +....                   k - +0 pair of boots
Stlth   +.........              (no amulet)
HPRegen 0.22/turn               B - ring of magical power
MPRegen 0.16/turn               E - ring of willpower

@: slow
A: amphibious, slowness 1, strong legs 1, +LOS
a: Hop, Renounce Religion, Upheaval


You were in a bailey.
You worshipped Qazlal.
Qazlal was pleased with you.
You visited 1 branch of the dungeon, and saw 7 of its levels.
You also visited: Bailey.

You collected 157 gold pieces.


Innate Abilities, Weirdness & Mutations

You are amphibious.
You cover ground slowly.
You can hop short distances.
You have an extended range of vision and can be seen from far away.


   Skills:
 - Level 7.0 Fighting
 + Level 8.3 Ranged Weapons
 - Level 5.0 Armour
 - Level 8.0 Dodging
 - Level 0.8 Stealth


You had 8 spell levels left.
You didn't know any spells.
Your spell library contained the following spells:

 Spells                   Type           Power      Damage    Failure   Level
 Apportation              Tloc           0%         N/A       65%         1
 Necrotise                Necr           0%         1d4       65%         1
 Summon Small Mammal      Summ           0%         N/A       65%         1
 Sublimation of Blood     Necr           0%         N/A       80%         2
 Wereblood                Tmut           0%         N/A       80%         2
 Conjure Flame            Conj/Fire      0%         6-21      95%         3
 Ignite Poison            Fire/Tmut/Pois 0%         N/A       95%         3
 Mephitic Cloud           Conj/Pois/Air  0%         N/A       95%         3
 Ozocubu's Armour         Ice            0%         N/A       95%         3
 Summon Guardian Golem    Hex/Summ       0%         N/A       95%         3
 Cause Fear               Hex            0%         N/A       100%        4
 Sticky Flame             Conj/Fire      0%         2d3       100%        4
 Freezing Cloud           Conj/Ice/Air   0%         6-21      100%        5
 Metabolic Englaciation   Hex/Ice        0%         N/A       100%        5
 Simulacrum               Ice/Necr       0%         N/A       100%        6
 Dragon Form              Tmut           0%         N/A       100%        7
 Orb of Destruction       Conj           0%         9d5       100%        7
 Spellforged Servitor     Conj/Summ      0%         N/A       100%        7
 Summon Hydra             Summ           0%         N/A       100%        7
 Dragon's Call            Summ           0%         N/A       100%        9

Inventory:

Hand Weapons
 a - a +1 shortbow (weapon) {bow}
 n - a +1 vorpal sling
   (You found it on level 2 of the Dungeon)
Missiles
 j - 42 stones {throwing}
 o - 2 throwing nets {=f!fthrowing}
 u - 3 curare-tipped darts {=fthrowing}
 y - 6 poisoned darts {throwing}
 A - 13 boomerangs {throwing}
Armour
 c - a +0 leather armour
 d - a +0 leather armour
   (You found it on level 1 of the Dungeon)
 e - a +0 ring mail
   (You found it on level 5 of the Dungeon)
 g - a +0 chain mail
   (You found it on level 1 of the Dungeon)
 i - a +0 cloak (worn)
   (You found it on level 1 of the Dungeon)
 k - a +0 pair of boots (worn)
   (You found it on level 1 of the Dungeon)
 l - a +0 scale mail
   (You found it on level 2 of the Dungeon)
 m - a +3 scale mail
   (You found it on level 4 of the Dungeon)
 p - the +5 ring mail "Pawuuzxien" (worn) {rPois rC+ rN++ Str-3}
   (You found it on level 2 of the Dungeon)

   Str:       It affects your strength (-3).
   rC:        It protects you from cold.
   rPois:     It protects you from poison.
   rN:        It greatly protects you from negative energy.
 q - a +1 chain mail of cold resistance
   (You took it off Terence on level 2 of the Dungeon)
 r - a +0 leather armour
   (You found it on level 2 of the Dungeon)
 s - a +0 leather armour
   (You found it on level 3 of the Dungeon)
 t - a +2 helmet of see invisible (worn)
   (You found it on level 3 of the Dungeon)
 v - a +2 leather armour of cold resistance
   (You took it off Ijyb on level 3 of the Dungeon)
 x - a +0 leather armour
   (You took it off an orc on level 3 of the Dungeon)
 z - a +0 leather armour
   (You took it off an orc on level 3 of the Dungeon)
 J - a +0 ring mail
   (You found it on level 5 of the Dungeon)
 M - a +0 ring mail
   (You took it off Duvessa on level 6 of the Dungeon)
 P - a +1 robe of fire resistance
   (You took it off Dowan on level 6 of the Dungeon)
 S - a +0 ring mail
   (You found it on level 6 of the Dungeon)
Magical Staves
 C - a staff of air {!astaff}
   (You found it on level 4 of the Dungeon)
 D - a staff of cold {!astaff}
   (You found it on level 3 of the Dungeon)
Jewellery
 B - a ring of magical power (left hand)
   (You found it on level 3 of the Dungeon)
 E - a ring of willpower (right hand)
   (You found it on level 4 of the Dungeon)
Wands
 w - a wand of acid (9)
   (You took it off Ijyb on level 3 of the Dungeon)
 Q - a wand of flame (9)
   (You took it off Dowan on level 6 of the Dungeon)
 U - a wand of digging (1)
   (You found it on level 6 of the Dungeon)
Scrolls
 b - a scroll of immolation {!r!r}
 I - 2 scrolls of identify {@r1}
 O - a scroll of teleportation {unknown}
 T - a scroll of silence {unknown}
 V - a scroll of fear {unknown}
Potions
 f - 5 potions of curing {@q1}
 h - 4 potions of degeneration {!q@e2}
 F - a potion of invisibility
 G - 2 potions of lignification {!q}
 H - a potion of magic
 K - a potion of mutation {unknown}
 L - a potion of brilliance
 N - a potion of attraction {!q}
 R - 3 potions of might {unknown}

Dungeon Overview and Level Annotations

Branches:
Dungeon (7/15) Zot: 26844  Temple (0/1) D:5          Bailey (1/1) Zot: 5832

Altars:
Ashenzari
Gozag
Nemelex Xobeh
Qazlal
Sif Muna
Wu Jian
Zin

### ♣♣♣ #+#.###
♣♣.♣♣♣♣
###.....###♣♣.....♣♣
##.........##.......♣♣
#...........#........♣
#..)........).......♣♣
#.....⌠.....).o@○∩...♣
#...........'.g.....♣♣
#...........#........♣
##....)....##.......♣♣
###.....###♣.♣.....♣
#'#.### ♣♣♣.♣..♣♣
o.....### ♣♣♣♣♣♣
....... .......#


You could see an orc warrior and a goblin.


Message History

The orc attacks as you move away! The orc closely misses you.
The orc attacks as you move away! The orc hits you but does no damage.
You block the orc's attack. The orc attacks as you move away!
The orc closely misses you.
There is an open gate here.
The orc attacks as you move away! You block the orc's attack.
You shoot an arrow. The arrow hits the orc.
The orc completely misses you. The orc barely misses you.
You shoot an arrow. The arrow hits the orc.
The orc hits you but does no damage.
You shoot an arrow. The arrow hits the orc!
You kill the orc!
Qazlal accepts your kill.
You shoot an arrow. The arrow completely misses the goblin.
The goblin misses you.
You shoot an arrow. The arrow hits the goblin.
The goblin hits you with a +0 war axe.
You shoot an arrow. The arrow closely misses the goblin.
The orc warrior completely misses you. The goblin closely misses you.
The goblin hits you but does no damage.
You shoot an arrow. The arrow hits the goblin!
You kill the goblin!
Qazlal accepts your kill. The orc warrior barely misses you.
The orc is engulfed in blazing flames.
You kill the orc!
Qazlal accepts your kill.
You shoot an arrow.
The arrow hits the orc warrior but does no damage.
You block the orc warrior's attack. The goblin barely misses you.
The orc warrior closely misses you. The goblin attacks as you move away!
The goblin hits you but does no damage.
The orc warrior hits you but does no damage.
You block the goblin's attack.
There is a gate leading back out of this place here.
You shoot an arrow.
The arrow closely misses the orc warrior.
The orc warrior hits you with a +0 battleaxe.
The goblin misses you.
You shoot an arrow. The arrow hits the orc warrior!
The orc warrior hits you with a +0 battleaxe!
The goblin barely misses you.
You are too injured to fight recklessly!
You are too injured to fight recklessly!
Fire: a) +1 shortbow {bow}
Press: ? - help, Q - select action, (/) - cycle Shift-Dir - straight line, f/p - orc warrior
Aim: an orc warrior, wielding a +0 battleaxe and wearing a +0 scale mail (moderately wounded, 63% to hit)
You shoot an arrow. The arrow hits the orc warrior!
The orc warrior barely misses you. The goblin closely misses you.
Fire: a) +1 shortbow {bow}
Press: ? - help, Q - select action, (/) - cycle Shift-Dir - straight line, f/p - orc warrior
Aim: an orc warrior, wielding a +0 battleaxe and wearing a +0 scale mail (sparse dust, severely wounded, 63% to hit)
You shoot an arrow. The arrow hits the orc warrior!
The orc warrior hits you with a +0 battleaxe!
The goblin hits you with a +0 war axe.
* * * LOW HITPOINT WARNING * * *
Fire: a) +1 shortbow {bow}
Press: ? - help, Q - select action, (/) - cycle Shift-Dir - straight line, f/p - orc warrior
Aim: an orc warrior, wielding a +0 battleaxe and wearing a +0 scale mail (sparse dust, almost dead, 63% to hit)
You shoot an arrow.
The arrow hits the orc warrior but does no damage.
The orc warrior misses you. The goblin misses you.
The orc warrior hits you with a +0 battleaxe.
* * * LOW HITPOINT WARNING * * *
The goblin barely misses you.
Fire: a) +1 shortbow {bow}
Press: ? - help, Q - select action, (/) - cycle Shift-Dir - straight line, f/p - orc warrior
Aim: an orc warrior, wielding a +0 battleaxe and wearing a +0 scale mail (sparse dust, almost dead, 63% to hit)
You shoot an arrow.
The arrow hits the orc warrior but does no damage.
The orc warrior hits you with a +0 battleaxe!
* * * LOW HITPOINT WARNING * * *
The goblin hits you but does no damage.
Fire: a) +1 shortbow {bow}
Press: ? - help, Q - select action, (/) - cycle Shift-Dir - straight line, f/p - orc warrior
Aim: an orc warrior, wielding a +0 battleaxe and wearing a +0 scale mail (sparse dust, almost dead, 63% to hit)
You shoot an arrow.
The arrow hits the orc warrior but does no damage.
The orc warrior closely misses you. The goblin hits you with a +0 war axe.
* * * LOW HITPOINT WARNING * * *
Fire: a) +1 shortbow {bow}
Press: ? - help, Q - select action, (/) - cycle Shift-Dir - straight line, f/p - orc warrior
Aim: an orc warrior, wielding a +0 battleaxe and wearing a +0 scale mail (almost dead, 63% to hit)
You shoot an arrow.
The arrow closely misses the orc warrior.
You block the orc warrior's attack. The goblin closely misses you.
Fire: a) +1 shortbow {bow}
Press: ? - help, Q - select action, (/) - cycle Shift-Dir - straight line, f/p - orc warrior
Aim: an orc warrior, wielding a +0 battleaxe and wearing a +0 scale mail (almost dead, 63% to hit)
You shoot an arrow.
The arrow hits the orc warrior but does no damage.
The orc warrior hits you but does no damage.
The goblin hits you with a +0 war axe.
* * * LOW HITPOINT WARNING * * *
Fire: a) +1 shortbow {bow}
Press: ? - help, Q - select action, (/) - cycle Shift-Dir - straight line, f/p - orc warrior
Aim: an orc warrior, wielding a +0 battleaxe and wearing a +0 scale mail (almost dead, 63% to hit)
You shoot an arrow.
The arrow barely misses the orc warrior.
The orc warrior hits you with a +0 battleaxe!
You die...

Skill      XL: |  1  2  3  4  5  6  7  8  9 |
---------------+----------------------------+-----
Fighting       | 3 4 5 7 |  7.0
Dodging        | 3 4 5 7 8 |  8.0
Ranged Weapons | 5 6 7 8 |  8.3
Armour         | 1 3 4 5 |  5.0
Stealth        | |  0.8

Action                   |  1- 3 |  4- 6 |  7- 9 || total
-------------------------+-------+-------+-------++-------
 Fire: Shortbow          |    94 |   204 |   237 ||   535
 Abil: Hop               |       |     4 |     2 ||     6
  Use: Scroll            |       |     3 |     2 ||     5
       Potion            |       |     1 |     3 ||     4
Armor: Leather armour    |    15 |     2 |       ||    17
       Ring mail         |       |    51 |    70 ||   121
Dodge: Dodged            |    19 |    88 |   118 ||   225
Block: Other             |       |     2 |    13 ||    15

Levels and vault maps discovered:
D:1:      kb_arrival_jail, layout_loops_ring, chequers_ecumenical_altar_simple,
          chequers_serial_rivers_micro_a, minmay_statues_item,
          chequers_mini_garden, corexii_leaking_fountain
D:2:      layout_basic, uniq_terence, uniq_natasha
D:3:      minmay_chambers_of_threes, layout_loops_ring,
          nicolae_qazlal_style_of_elements, uniq_ijyb
D:4:      layout_layer_cave, lemuel_doored_altar
D:5:      layout_gridville, nicolae_ashenzari_panopticon,
          nemelex_spade_bored_becter, led_sif_pool, minmay_temple_entry_glass
D:6:      layout_basic, pdpol_temple_overflow_zin_treasury_gozag_greed,
          cheibrodos_sewer_entry_bend, uniq_prince_ribbit1, uniq_duvessa
D:7:      layout_loops_ring, grunt_temple_overflow_holy_war, enter_bailey_5
Bailey:   bailey_axe_minmay_hex_keep, bailey

Notes
Turn   | Place    | Note
-------+----------+-------------------------------------------
     0 | D:1      | Sobieck the Barachi Hunter began the quest for the Orb.
     0 | D:1      | Reached XP level 1. HP: 17/17 MP: 1/1
     2 | D:1      | Noticed a vampire
     2 | D:1      | Noticed a merfolk
     4 | D:1      | Noticed a minotaur
     4 | D:1      | Noticed a dwarf
     6 | D:1      | Noticed a human
     8 | D:1      | Noticed a troll
     8 | D:1      | Noticed a naga
    10 | D:1      | Noticed a spriggan
    12 | D:1      | Noticed a demigod
    14 | D:1      | Noticed an elf
    16 | D:1      | Noticed a demonspawn
    16 | D:1      | Noticed a draconian
    18 | D:1      | Noticed a vine stalker
    20 | D:1      | Noticed a felid
    20 | D:1      | Noticed a formicid
    22 | D:1      | Noticed a gargoyle
    22 | D:1      | Noticed a tengu
    24 | D:1      | Noticed an ogre
    24 | D:1      | Noticed a ghoul
    26 | D:1      | Noticed an octopode
    79 | D:1      | You pick up a book of Cantrips and begin reading...
    79 | D:1      | You add the spells Necrotise, Summon Small Mammal and
                  | Apportation to your library.
   190 | D:1      | Reached XP level 2. HP: 23/23 MP: 2/2
   320 | D:1      | Found a faded altar of an unknown god.
   338 | D:1      | Reached skill level 3 in Fighting
   477 | D:1      | You add the spells Conjure Flame, Ignite Poison and Sticky
                  | Flame to your library.
   550 | D:1      | Reached XP level 3. HP: 29/29 MP: 3/3
   833 | D:2      | Reached skill level 3 in Dodging
   903 | D:2      | You pick up a book of the Dragon and begin reading...
   903 | D:2      | You add the spells Cause Fear, Dragon Form and Dragon's
                  | Call to your library.
  1011 | D:2      | You pick up a book of Dangerous Friends and begin
                  | reading...
  1011 | D:2      | You add the spells Summon Guardian Golem, Orb of
                  | Destruction and Spellforged Servitor to your library.
  1202 | D:2      | Reached XP level 4. HP: 35/35 MP: 4/4
  1230 | D:2      | You add the spells Mephitic Cloud and Freezing Cloud to
                  | your library.
  1248 | D:2      | Identified the +5 ring mail "Pawuuzxien" {rPois rC+ rN++
                  | Str-3}
  1262 | D:2      | Noticed Natasha
  1270 | D:2      | Killed Natasha
  1391 | D:2      | Noticed Terence
  1409 | D:2      | HP: 8/37 [Terence/+0 flail (4)]
  1415 | D:2      | Killed Terence
  1416 | D:2      | Reached skill level 4 in Fighting
  1416 | D:2      | Reached XP level 5. HP: 10/42 MP: 5/5
  1825 | D:2      | Noticed Natasha
  1847 | D:2      | Killed Natasha
  1914 | D:2      | Noticed Natasha
  1916 | D:2      | Killed Natasha
  1917 | D:2      | Reached skill level 5 in Ranged Weapons
  1917 | D:2      | Reached skill level 1 in Armour
  2223 | D:3      | Reached skill level 4 in Dodging
  2454 | D:3      | Noticed Ijyb
  2469 | D:3      | Killed Ijyb
  2470 | D:3      | Reached XP level 6. HP: 41/49 MP: 6/6
  2591 | D:3      | Found a stormy altar of Qazlal.
  2598 | D:3      | Noticed a water elemental
  2601 | D:3      | Noticed an air elemental
  2603 | D:3      | Noticed a fire elemental
  2653 | D:3      | Became a worshipper of Qazlal Stormbringer
  3012 | D:3      | Reached skill level 2 in Armour
  3020 | D:3      | You pick up a book of Winter and begin reading...
  3020 | D:3      | You add the spells Ozocubu's Armour, Metabolic Englaciation
                  | and Simulacrum to your library.
  3171 | D:4      | Found an ornate altar of the Wu Jian Council.
  3189 | D:4      | Reached * piety under Qazlal
  3430 | D:4      | Reached skill level 5 in Fighting
  3457 | D:4      | Reached skill level 3 in Armour
  3457 | D:4      | Reached XP level 7. HP: 43/56 MP: 7/7
  3895 | D:5      | Entered Level 5 of the Dungeon
  3910 | D:4      | HP: 12/56 [ogre/+0 giant club (16)]
  3917 | D:4      | Reached skill level 5 in Dodging
  4157 | D:5      | HP: 2/56 [ogre/+0 giant spiked club (26)]
  4171 | D:5      | Reached skill level 6 in Ranged Weapons
  4448 | D:5      | Reached skill level 4 in Armour
  4448 | D:5      | Reached XP level 8. HP: 56/64 MP: 8/8
  4538 | D:5      | Found a broken altar of Ashenzari.
  4553 | D:5      | Found a staircase to the Ecumenical Temple.
  4666 | D:5      | Reached skill level 6 in Fighting
  4761 | D:5      | Found a sparkling altar of Nemelex Xobeh.
  5035 | D:5      | Found a shimmering blue altar of Sif Muna.
  5193 | D:6      | Noticed Duvessa
  5194 | D:6      | Noticed Dowan
  5214 | D:6      | Killed Duvessa
  5405 | D:6      | You pick up a book of Blood and begin reading...
  5405 | D:6      | You add the spells Sublimation of Blood, Wereblood and
                  | Summon Hydra to your library.
  5429 | D:6      | Reached skill level 6 in Dodging
  5438 | D:6      | Noticed Prince Ribbit
  5466 | D:6      | Killed Prince Ribbit
  5467 | D:6      | Reached skill level 5 in Armour
  5542 | D:6      | Reached skill level 7 in Fighting
  5542 | D:6      | Reached skill level 7 in Ranged Weapons
  5755 | D:6      | Killed Dowan
  5779 | D:6      | Reached skill level 7 in Dodging
  5779 | D:6      | Reached XP level 9. HP: 72/72 MP: 9/9
  5780 | D:6      | Found a glowing silver altar of Zin.
  6065 | D:6      | Found an opulent altar of Gozag.
  6289 | D:6      | Reached skill level 8 in Ranged Weapons
  6636 | D:7      | Reached skill level 8 in Dodging
  6687 | D:7      | Reached ** piety under Qazlal
  6688 | D:7      | Found a flagged portal.
  6706 | Bailey   | Entered a bailey
  6858 | Bailey   | HP: 17/72 [orc warrior/+0 battleaxe (14)]
  6861 | Bailey   | HP: 7/72 [goblin/+0 war axe (5)]
  6862 | Bailey   | Slain by an orc warrior

Vanquished Creatures
  Prince Ribbit (D:6)
  Duvessa (D:6)
  3 black bears
  2 sky beasts
  5 ice beasts
  4 ogres
  A bullfrog (D:6)
  A necrophage (D:5)
  A scorpion (D:4)
  Dowan (D:6)
  2 jellies
  2 hounds
  2 iguanas
  Terence (D:2)
  Natasha (thrice) (D:2)
  Ijyb (D:3)
  11 adders
  A gnoll (D:3)
  A white imp (D:7)
  4 worms
  5 dart slugs
  10 orcs
  9 endoplasms
  5 giant cockroaches
  10 goblins
  8 hobgoblins
  2 jackals (D:1)
  6 quokkas
  8 ball pythons
  4 bats
  4 frilled lizards
  5 kobolds
  8 rats
132 creatures vanquished.

Table legend:
 A = Non-vault XP
 B = Vault XP
 C = Vault XP percentage of total XP
 D = Non-vault monster count
 E = Vault monster count
 F = Vault count percentage of total count
                 A         B        C        D         E       F
            +---------+---------+-------+---------+---------+-------
      Total |    2547 |     715 |  21.9 |     103 |      29 |  22.0
            +---------+---------+-------+---------+---------+-------
        D:1 |      42 |       0 |   0.0 |      25 |       0 |   0.0
        D:2 |     165 |      71 |  30.1 |      24 |       2 |   7.7
        D:3 |      50 |     130 |  72.2 |      19 |      13 |  40.6
        D:4 |     550 |       0 |   0.0 |      14 |       0 |   0.0
        D:5 |     358 |       0 |   0.0 |       6 |       0 |   0.0
        D:6 |    1244 |     492 |  28.3 |      13 |       5 |  27.8
        D:7 |     138 |       8 |   5.5 |       2 |       4 |  66.7
     Bailey |       0 |      14 | 100.0 |       0 |       5 | 100.0
            +---------+---------+-------+---------+---------+-------

Illustrated notes

Table legend:
 A = Kills in this place as a percentage of kills in entire the game.
 B = Kills by you in this place as a percentage of kills by you in the entire game.
 C = Kills by friends in this place as a percentage of kills by friends in the entire game.
 D = Other kills in this place as a percentage of other kills in the entire game.
 E = Experience gained in this place as a percentage of experience gained in the entire game.
 F = Experience gained in this place divided by the number of levels of this place that you have seen.
                   A       B       C       D       E      F
               +-------+-------+-------+-------+-------+----------------------
         Total | 100.0 | 100.0 |   N/A |   N/A | 100.0 | 407.8
       Dungeon |  96.2 |  96.2 |   N/A |   N/A |  99.6 | 464.0
        Bailey |   3.8 |   3.8 |   N/A |   N/A |   0.4 |  14.0
               +-------+-------+-------+-------+-------+----------------------

Table legend: (Time is in decaauts)
 A = Elapsed time spent in this place.
 B = Non-inter-level travel time spent in this place.
 C = Inter-level travel time spent in this place.
 D = Time resting spent in this place.
 E = Time spent auto-exploring this place.
 F = Levels seen in this place.
 G = Mean time per level.
                   A        B        C        D        E       F      G
               +--------+--------+--------+--------+--------+-----+--------+
         Total |   7902 |   7600 |    302 |    683 |   5710 |   8 |  987.8 |
       Dungeon |   7735 |   7433 |    302 |    583 |   5701 |   7 | 1105.0 |
        Bailey |    166 |    166 |      0 |    100 |      9 |   1 |  166.0 |
               +--------+--------+--------+--------+--------+-----+--------+

Top non-repeatable levels by time:
     D:6: 1699 daAuts
     D:2: 1571 daAuts
     D:4: 1413 daAuts
     D:3: 1110 daAuts
     D:1: 961 daAuts
     D:5: 879 daAuts
  Bailey: 166 daAuts
     D:7: 101 daAuts
